 Dungeon Crawl Stone Soup version 0.32-a0-913-g739538afd8 (webtiles) character file.

Game seed: 2031587813756698129

103 Biggs the Changeling (level 4, -3/28 HPs)
             Began as an Octopode Shapeshifter on Apr 9, 2024.
             Slain by a gnoll
             ... wielding a +0 flail
              (12 damage)
             ... on level 2 of the Dungeon.
             The game lasted 00:03:52 (1263 turns).

Biggs the Changeling (Octopode Shapeshifter)        Turns: 1263, Time: 00:03:53

Health: -3/28      AC:  1    Str: 15    XL:     4   Next: 79%
Magic:  4/4        EV: 12    Int: 12    God:
Gold:   49         SH:  0    Dex: 11    Spells: 3/3 levels left

rFire   . .          .
                       - Unarmed
rCold   . . .        (no shield)
rNeg    . . .        (helmet currently unavailable)
rPois   .            (no amulet)
rElec   .            (no ring)
rCorr   .            (no ring)
SInv    .            (no ring)
Will    .....        (no ring)
Stlth   ++           (no ring)
HPRegen 0.24/turn    (no ring)
MPRegen 0.09/turn    (no ring)
                     (no ring)

%: no passive effects
@: beast-form
A: beast (slay +2), almost no armour, amphibious, 8 rings, camouflage 1,
gelatinous body 1, (nimble swimmer 1), tentacles
a: Begin Untransformation


You were on level 2 of the Dungeon.
You were a hulking beast.
You visited 1 branch of the dungeon, and saw 2 of its levels.

You collected 93 gold pieces.
You spent 44 gold pieces at shops.

Inventory:

Jewellery
 g - a ring of wizardry
 j - a ring of fire
 q - an amulet of faith
Talismans
 b - a beast talisman (active)
 c - a flux talisman
 p - a granite talisman
Scrolls
 d - a scroll of noise
 f - 3 scrolls of enchant armour
 h - a scroll of revelation
 i - a scroll of vulnerability {unknown}
 k - a scroll of amnesia {unknown}
 m - a scroll of torment {unknown}
Potions
 a - a potion of lignification
 e - a potion of degeneration {unknown}
 l - 2 potions of brilliance {unknown}
 n - 2 potions of mutation {unknown}
 o - a potion of haste {unknown}


   Skills:
 - Level 1.0 Fighting
 - Level 2.0 Dodging
 - Level 3.0 Unarmed Combat
 + Level 5.0 Shapeshifting


You had 3 spell levels left.
You didn't know any spells.
Your spell library was empty.

Dungeon Overview and Level Annotations

Branches:
Dungeon (2/15)

Altars:
Ashenzari

Shops:
D:1 (   D:2 ([?(


Innate Abilities, Weirdness & Mutations

You are a hulking beast.
Your limbs bulge with bestial killing power. (Slay +2)
You cannot wear most types of armour.
You are amphibious.
You can wear up to eight rings at the same time.
Your skin changes colour to match your surroundings (Stealth+).
Your rubbery body absorbs attacks. (AC +1, EV +1)
((You are camouflaged when in or above water. (Stealth+)))
You have tentacles for arms and can constrict up to eight enemies at once.


Message History

Key pressed, stopping explore.
Key pressed, stopping explore.
Key pressed, stopping explore.
Key pressed, stopping explore.
q - an amulet of faith
Found Losuboeh's Antique Armour Shoppe.
There is an entrance to Losuboeh's Antique Armour Shoppe here.
Key pressed, stopping explore.
Key pressed, stopping explore.
Key pressed, stopping explore.
Key pressed, stopping explore.
An adder and 2 gnolls come into view.
The gnoll shouts! x2; You hear a shout!
A gnoll comes into view. It is wielding a +0 spear. x2
The gnoll moves out of view.
There are monsters nearby!
There are monsters nearby!
The gnoll attacks as it pursues you! The gnoll closely misses you.
The gnoll attacks as it pursues you! The gnoll hits you with a +0 whip.
The gnoll attacks as it pursues you! The gnoll barely misses you.
You closely miss the gnoll. You grab the gnoll. You squeeze the gnoll!
The gnoll is severely wounded.
You constrict the gnoll. The gnoll hits you with a +0 whip.
You tentacle-slap the gnoll but do no damage.
The gnoll is almost dead.
You constrict the gnoll.
You kill the gnoll!
The gnoll barely misses you. The gnoll hits you with a +0 spear!
You tentacle-slap the gnoll but do no damage.
You grab the gnoll. You squeeze the gnoll.
The gnoll is heavily wounded.
You constrict the gnoll. The gnoll hits you with a +0 spear.
You bludgeon the gnoll!
You kill the gnoll!
Your Shapeshifting skill increases to level 5!
You tentacle-slap the gnoll. Your grab misses the gnoll.
The gnoll is heavily wounded.
The gnoll hits you with a +0 flail!
You die...

..#.########...# #.....
..#.#.........♣# #..#<#
..#.#.#####...# #..#.# ..#.#.#
#.#.# ##.#.# ..#.#.# #.#.#
############.#.# #.#.#.#####.#.#
...........#.#.. #.#.#.......#.#
...........#.#.#
#.#.#######.#.############..#.#..
†...............hg............#..
#############.####.#######..#.#..
# ..........# #.# #..#.).. #
########### #g# #..#.#.. # #.#
#..†.)<) # #g#######......# .
#.#............#
..Sg...g#..#####......
...###................


You could see a gnoll.

Vanquished Creatures
  6 gnolls
  An adder (D:2)
  3 dart slugs (D:1)
  A ribbon worm (D:2)
  A ball python (D:2)
  An endoplasm (D:1)
  A giant cockroach (D:1)
  3 quokkas (D:1)
  6 bats
  A frilled lizard (D:1)
  4 goblins
  A kobold (D:1)
  2 rats (D:1)
31 creatures vanquished.

Notes
Turn   | Place    | Note
-------+----------+-------------------------------------------
     0 | D:1      | Biggs the Octopode Shapeshifter began the quest for the
                  | Orb.
     0 | D:1      | Reached XP level 1. HP: 13/13 MP: 1/1
   229 | D:1      | Reached XP level 2. HP: 8/18 MP: 2/2
   369 | D:1      | Reached skill level 4 in Shapeshifting
   369 | D:1      | Reached XP level 3. HP: 23/23 MP: 3/3
   546 | D:1      | Found Jimikipu's Weapon Emporium.
   733 | D:2      | Found Vysaxoa's Magic Scroll Boutique.
   752 | D:2      | Reached XP level 4. HP: 19/28 MP: 4/4
   755 | D:2      | Found a broken altar of Ashenzari.
   842 | D:2      | Bought a scroll of identify for 22 gold pieces
   842 | D:2      | Bought a scroll of identify for 22 gold pieces
   844 | D:2      | Found Fofribeegro's Antique Weapon Shop.
  1157 | D:2      | Found Useewergh's Weapon Boutique.
  1205 | D:2      | Found Losuboeh's Antique Armour Shoppe.
  1263 | D:2      | Reached skill level 5 in Shapeshifting
  1263 | D:2      | Slain by a gnoll

Illustrated notes

Levels and vault maps discovered:
D:1:      dpeg_arrival_stone_temple_mockup, layout_basic, serial_shops, shop,
          minmay_misc_feat_four_crosses, minmay_door_square, minmay_pentomino_w2
D:2:      kennysheep_big_flooded_room, layout_basic, basic_altar, serial_shops,
          nicolae_shop_pleasant_corner_grove, shop, shop, shop,
          nicolae_diamond_shop

Skill      XL: |  1  2  3  4 |
---------------+-------------+-----
Shapeshifting  | 4 5 |  5.0
Fighting       | |  1.0
Dodging        | |  2.0
Unarmed Combat | |  3.0

Action                     |  1- 3 |  4- 6 || total
---------------------------+-------+-------++-------
  Melee: Unarmed           |    37 |    18 ||    55
         Constrict         |    10 |     5 ||    15
         Tentacles         |     6 |     4 ||    10
         Punch             |     1 |       ||     1
    Use: Scroll            |       |     3 ||     3
   Stab: Sleeping          |     9 |     2 ||    11
 Armour: Skin              |    11 |    12 ||    23
  Dodge: Dodged            |    12 |     6 ||    18

Table legend: (Time is in decaauts)
 A = Elapsed time spent in this place.
 B = Non-inter-level travel time spent in this place.
 C = Inter-level travel time spent in this place.
 D = Time resting spent in this place.
 E = Time spent auto-exploring this place.
 F = Levels seen in this place.
 G = Mean time per level.
                   A        B        C        D        E       F      G
               +--------+--------+--------+--------+--------+-----+--------+
         Total |   1259 |   1205 |     54 |     84 |    852 |   2 |  629.5 |
       Dungeon |   1259 |   1205 |     54 |     84 |    852 |   2 |  629.5 |
               +--------+--------+--------+--------+--------+-----+--------+

Top non-repeatable levels by time:
     D:1: 731 daAuts
     D:2: 528 daAuts
